 Dungeon Crawl Stone Soup version 0.19.0-18-g426998a (webtiles) character file.

344 dracos369 the Spear-Bearer (level 6, -10/47 HPs)
             Began as a Merfolk Chaos Knight on Nov 11, 2016.
             Mangled by an ogre
             ... wielding a +4 giant club of chaos
              (25 damage)
             ... on level 3 of the Dungeon.
             The game lasted 00:15:20 (2474 turns).

dracos369 the Spear-Bearer (Merfolk Chaos Knight)   Turns: 2474, Time: 00:15:21

Health: -10/47     AC: 10    Str: 14    XL:     6   Next: 58%
Magic:  6/6        EV:  5    Int: 12    God:    Xom [......]
Gold:   210        SH:  3    Dex: 13    Spells: 0 memorised, 5 levels left

rFire  . . .     SeeInvis .     a - +1 spear (chaos)
rCold  + . .     Gourm    .     r - +2 chain mail {rC+}
rNeg   + . .     Faith    .     j - +0 buckler
rPois  .         Spirit   .     (no helmet)
rElec  .         Reflect  .     (no cloak)
rCorr  .         Harm     .     (no gloves)
MR     .....                    (no boots)
Stlth  ..........               e - amulet of regeneration
                                (no ring)
                                h - ring of positive energy

@: drained
A: change form in water, swift swim, stealthy swim
a: Renounce Religion


You were on level 3 of the Dungeon.
You worshipped Xom.
You were a very special plaything of Xom.
You were not hungry.

You visited 1 branch of the dungeon, and saw 4 of its levels.

You collected 210 gold pieces.

Inventory:

Hand Weapons
 a - a +1 spear of chaos (weapon)
 b - a +0 blowgun
 n - a +0 halberd
Missiles
 s - 2 curare-tipped needles
 v - 13 poisoned needles
Armour
 j - a +0 buckler (worn)
 r - a +2 chain mail of cold resistance (worn)
 u - a +2 leather armour
Jewellery
 e - an amulet of regeneration (around neck)
 h - a ring of positive energy (left hand)
 y - an uncursed amulet of harm
Wands
 l - a wand of paralysis (12/24)
Scrolls
 z - 3 scrolls of enchant weapon
Potions
 g - a potion of haste {unknown}
 m - a potion of degeneration {unknown}
 q - a potion of beneficial mutation
Comestibles
 c - 3 bread rations
 d - 16 chunks of flesh
 i - 4 fruits
 w - a beef jerky


   Skills:
 + Level 3.2(2.5) Fighting
 - Level 10.0(9.2) Polearms
 - Level 1.1(0.4) Armour
 - Level 2.6(1.9) Dodging


You had 5 spell levels left.
You didn't know any spells.

Dungeon Overview and Level Annotations

Branches:
Dungeon (4/15)
 Temple: D:4-7

Altars:
Qazlal
Sif Muna
Trog
Vehumet
Xom
The Shining One


Message History

You hit the ogre.
You feel better.
The ogre is severely wounded.
Your chain mail prevents you from hitting the ogre.
The ogre is severely wounded.
The ogre hits you with a giant club of chaos.
You hit the ogre.
You feel better.
The ogre is almost dead.
You block the ogre's attack.
You hit the ogre.
The ogre goes berserk!
The ogre is almost dead.
You closely miss the ogre.
The ogre is almost dead.
The ogre hits you with a giant club of chaos!!
* * * LOW HITPOINT WARNING * * *
Your chain mail prevents you from hitting the ogre.
The ogre is almost dead.
The ogre hits you with a giant club of chaos!!
Ouch! That really hurt!
You die...
Xom thinks this is hilarious!

#..........#......##.#.<##.####
###...######....[.......##.#...
####...#### #.........#..#......
#...>.....###......####..##.#...
#.....§§>[o##......###.....#####
#.....o..o.#######.......#.#
####.§.###o# #####.#...#
#...###.######### #.##..#
#...#.....oO@...###)##..#
#####.#.#<.##......))...# ##
#.#.#..#>....##.##.## #.
#.#.......#..##.##.# #.
#.###..##.#........#####.
##.###..##.#.###.#.....##.
#.....(......###.#.###.##.
#.########.......#.###.##. #.#
#########.#......


You could see an ogre (berserk) and an orc.

Vanquished Creatures
  A howler monkey (D:4)
  An orc priest (D:3)
  An iguana (D:4)
  2 orc wizards (D:3)
  2 worker ants
  A gnoll (D:2)
  5 adders
  A worm (D:2)
  2 dart slugs (D:1)
  2 leopard geckos (D:3)
  5 orcs (D:3)
  A ball python (D:2)
  8 bats
  A giant cockroach (D:3)
  3 goblins
  4 hobgoblins
  A ball python skeleton (D:4)
  4 frilled lizards
  6 kobolds
  A quokka skeleton (D:4)
  5 rats
57 creatures vanquished.

Vanquished Creatures (collateral kills)
  2 gnolls (D:2)
  2 adders (D:2)
  A worm (D:2)
  3 orcs (D:3)
  A ball python (D:2)
  A bat (D:3)
  A goblin (D:2)
  3 hobgoblins (D:2)
  A kobold (D:2)
  A rat (D:2)
16 creatures vanquished.

Grand Total: 73 creatures vanquished

Notes
Turn   | Place    | Note
-------+----------+-------------------------------------------
     0 | D:1      | dracos369 the Merfolk Chaos Knight began the quest for the Orb.
     0 | D:1      | Reached XP level 1. HP: 18/18 MP: 1/1
   104 | D:1      | Reached skill level 5 in Polearms
   116 | D:1      | Reached XP level 2. HP: 24/24 MP: 2/2
   127 | D:1      | XOM: divination: detect creatures
   312 | D:1      | XOM: divination: detect creatures
   595 | D:2      | Reached XP level 3. HP: 23/29 MP: 3/3
   598 | D:2      | Reached skill level 6 in Polearms
   633 | D:2      | Found a deep blue altar of Sif Muna.
   701 | D:2      | XOM: 2-stop teleportation journey
   716 | D:2      | Reached XP level 4. HP: 35/35 MP: 4/4
   734 | D:2      | Found a radiant altar of Vehumet.
   742 | D:2      | Reached skill level 7 in Polearms
   976 | D:2      | XOM: 6-stop teleportation journey
  1057 | D:3      | XOM: fake destruction
  1067 | D:3      | Reached skill level 8 in Polearms
  1067 | D:3      | Reached XP level 5. HP: 25/41 MP: 5/5
  1085 | D:3      | Found a bloodstained altar of Trog.
  1249 | D:3      | Found a glowing golden altar of the Shining One.
  1298 | D:3      | XOM: enchant monster (good)
  1379 | D:3      | XOM: confusion (+ monsters)
  1428 | D:3      | XOM: mild Tmut miscast
  1602 | D:3      | Reached skill level 1 in Armour
  1657 | D:3      | XOM: scenery: create altars
  1699 | D:3      | XOM: silly message
  1871 | D:4      | Found a stormy altar of Qazlal.
  1917 | D:4      | XOM: swap monsters
  1919 | D:4      | XOM: noise
  1924 | D:4      | XOM: blink monster(s)
  1932 | D:4      | XOM: fog
  1936 | D:4      | Reached skill level 9 in Polearms
  1940 | D:4      | Noticed an ogre
  1942 | D:4      | Reached XP level 6. HP: 47/47 MP: 6/6
  1948 | D:4      | XOM: smoke on damage
  1950 | D:4      | HP: 1/47 [ogre/giant club (27)]
  1955 | D:4      | XOM: swap monsters
  1960 | D:4      | XOM: swap monsters
  1961 | D:4      | XOM: 1-stop teleportation journey
  1965 | D:4      | XOM: harmless Hex miscast
  2012 | D:3      | XOM: blink monster(s)
  2014 | D:3      | XOM: chaos upgrade
  2014 | D:3      | HP: 1/47 [orc (3)]
  2344 | D:2      | XOM: severe Chrm miscast
  2438 | D:3      | Reached skill level 10 in Polearms
  2474 | D:3      | Mangled by an ogre

Skill      XL: |  1  2  3  4  5  6 |
---------------+-------------------+-----
Polearms       | 5 6 8 9 10 | 10.0
Armour         | 1 |  1.1
Fighting       | |  3.2
Dodging        | |  2.6

Action                   |  1- 3 |  4- 6 || total
-------------------------+-------+-------++-------
Melee: Spear             |    70 |   208 ||   278
  Use: Potion            |     1 |     3 ||     4
       Scroll            |       |     6 ||     6
 Stab: Sleeping          |     2 |       ||     2
       Confused          |     1 |     1 ||     2
       Petrified         |       |     4 ||     4
       Petrifying        |       |     1 ||     1
       Paralysed         |       |     1 ||     1
  Eat: Chunk             |       |     5 ||     5
Armor: Leather armour    |    10 |    12 ||    22
       Chain mail        |       |    80 ||    80
Dodge: Dodged            |    27 |    50 ||    77
Block: Buckler           |       |    19 ||    19
